 Dungeon Crawl Stone Soup version 0.25.0-11-g1f837a76a1 (webtiles) character file.

Game seed: 12666184856061638250

22567 lepoulpe303 the Cleaver (level 13, 0/114 HPs)
             Began as a Hill Orc Fighter on June 25, 2020.
             Was the Champion of Okawaru.
             Slain by an eight-headed hydra (9 damage)
             ... on level 6 of the Lair of Beasts.
             The game lasted 00:55:20 (17777 turns).

lepoulpe303 the Cleaver (Hill Orc Fighter)         Turns: 17777, Time: 00:55:21

Health: 0/114      AC: 19    Str: 21    XL:     13   Next: 1%
Magic:  19/19      EV:  9    Int: 10    God:    Okawaru [******]
Gold:   2968       SH: 12    Dex: 14    Spells: 12/12 levels left

rFire    . . .     SeeInvis .   b - +8 whip of Righteous Anger {holy, rPois Str-2 Int+2}
rCold    . . .     Gourm    .   c - +0 kite shield
rNeg     . . .     Faith    +   o - +1 plate armour
rPois    +         Spirit   .   (no helmet)
rElec    .         Reflect  .   W - +0 cloak {Stlth+}
rCorr    .         Harm     .   R - +0 pair of gloves {Dex+3} {Dex+3}
MR       +....                  N - +0 pair of boots
Stlth    ..........             p - amulet of faith {Faith, !P}
HPRegen  0.29/turn              v - +4 ring of slaying
MPRegen  0.16/turn              m - ring of protection from magic

@: studying Dodging
A: no striking features
a: Heroism, Finesse, Renounce Religion


You were on level 6 of the Lair of Beasts.
You worshipped Okawaru.
Okawaru was exalted by your worship.
You were not hungry.

You visited 3 branches of the dungeon, and saw 16 of its levels.
You also visited: Ossuary.

You collected 3067 gold pieces.
You spent 99 gold pieces at shops.

Inventory:

Hand Weapons
 a - a +3 war axe
 b - the +8 whip of Righteous Anger (weapon) {holy, rPois Str-2 Int+2}
   (You found it on level 7 of the Dungeon)

   It has been blessed by the Shining One to cause great damage to the undead
   and demons.
   It affects your strength (-2).
   It affects your intelligence (+2).
   It protects you from poison.
 j - a +2 hand axe of freezing
 C - a +3 morningstar
Missiles
 r - 34 poisoned darts
 E - 7 atropa-tipped darts
 P - 5 boomerangs
 X - 9 javelins (quivered)
Armour
 c - a +0 kite shield (worn)
 o - a +1 plate armour (worn)
 N - a +0 pair of boots (worn)
 R - a +0 pair of gloves of dexterity (worn) {Dex+3}
 W - a +0 cloak of stealth (worn)
 Z - the +2 chain mail "Ryuku" {-Cast rC++ Dex+4 SInv}
   (You found it on level 3 of the Lair of Beasts)

   It affects your dexterity (+4).
   It greatly protects you from cold.
   It lets you see invisible.
   It prevents spellcasting.
Jewellery
 m - a ring of protection from magic (right hand)
 p - an amulet of faith (around neck) {Faith, !P}
 v - a +4 ring of slaying (left hand)
 G - an uncursed amulet of guardian spirit {Spirit}
 M - an uncursed ring of protection from magic
Wands
 s - a wand of clouds (10)
 D - a wand of digging (15)
 H - a wand of polymorph (3)
 K - a wand of paralysis (1)
 O - a wand of iceblast (16)
 S - a wand of acid (8)
Scrolls
 f - a scroll of fog
 g - a scroll of fear
 i - 3 scrolls of identify
 k - 2 scrolls of enchant weapon
 t - 8 scrolls of teleportation
 w - 4 scrolls of remove curse
 B - 2 scrolls of blinking {!r}
 J - 3 scrolls of immolation {!r}
 U - 2 scrolls of enchant armour
Potions
 d - a potion of might
 h - 2 potions of haste
 l - 3 potions of heal wounds
 n - 2 potions of resistance
 q - 7 potions of curing
 u - 4 potions of cancellation
 x - 3 potions of flight
 y - 3 potions of stabbing
 z - 2 potions of brilliance {unknown}
 A - a potion of degeneration {unknown}
 L - a potion of invisibility {unknown}
 Q - a potion of berserk rage {!q}
 T - 2 potions of lignification {unknown}
Books
 I - a manual of Dodging {!d}
Miscellaneous
 V - a box of beasts
 Y - a phial of floods (inert)
Comestibles
 e - 37 rations


   Skills:
 + Level 10.5 Fighting
 * Level 14.9 Axes
 + Level 1.2 Throwing
 * Level 9.8 Armour
 + Level 8.2 Dodging
 + Level 9.7 Shields
 * Level 8.5 Invocations


You had 12 spell levels left.
You didn't know any spells.
Your spell library contained the following spells:

 Spells                   Type           Power        Failure   Level  Hunger
 Magic Dart               Conj           #...         100%        1    ##.....
 Blink                    Tloc           N/A          100%        2    ###....
 Call Imp                 Summ           #.......     100%        2    ###....
 Slow                     Hex            #.......     100%        2    ###....
 Sublimation of Blood     Necr           #.........   100%        2    ###....
 Conjure Flame            Conj/Fire      #.......     100%        3    ####...
 Ignite Poison            Fire/Tmut/Pois #.......     100%        3    ####...
 Mephitic Cloud           Conj/Pois/Air  #.......     100%        3    ####...
 Petrify                  Tmut/Erth      #.......     100%        4    #####..
 Alistair's Intoxication  Tmut/Pois      #.......     100%        5    ######.
 Irradiate                Conj/Tmut      #.........   100%        5    ######.
 Eringya's Noxious Bog    Tmut/Pois      #.........   100%        6    #######


Dungeon Overview and Level Annotations

Branches:
Dungeon (9/15)             Temple (1/1) D:4            Lair (6/6) D:8
 Shoals (0/4) Lair:2       Spider (0/4) Lair:2        Slime (0/5) Lair:6
    Orc (0/2) D:9         Ossuary (visited)

Altars:
Ashenzari
Dithmenos
Elyvilon
Gozag
Hepliaklqana
Kikubaaqudgha
Nemelex Xobeh
Okawaru
Qazlal
Ru
Sif Muna
Trog
Wu Jian
Xom
Zin
The Shining One

Shops:
D:7 ?

Annotations:
D:6 1 runed translucent door, Crazy Yiuf


Message History

The eight-headed hydra completely misses you.
The eight-headed hydra bites you.
* * * LOW HITPOINT WARNING * * *
You take 20 damage, and have 27/114 hp.
You whack the eight-headed hydra!
You block the eight-headed hydra's attack.
The eight-headed hydra bites you but does no damage.
You block the eight-headed hydra's attack.
The eight-headed hydra bites you but does no damage. x3
The eight-headed hydra barely misses you.
The eight-headed hydra bites you but does no damage.
You hit the eight-headed hydra.
Your plate armour prevents you from hitting the eight-headed hydra.
The eight-headed hydra bites you!
* * * LOW HITPOINT WARNING * * *
The eight-headed hydra bites you!
* * * LOW HITPOINT WARNING * * *
The eight-headed hydra bites you but does no damage.
The eight-headed hydra bites you!
You die...

. .(.......
##.......# .
.#(P.....#
.. .(.....
... P(....
... #($P# ..
#D.##
#.##@..#
#.<...#
#.......#
#P.......#
#........P#
#.........P#
#PP........#
#.P.......##
##......P.#


You could see an eight-headed hydra.

Levels and vault maps discovered:
D:1:      onia_arrival_mini_spirals, layout_rooms, chequers_big_river
D:2:      layout_loops_ring, grunt_temple_overflow_order_and_chaos_1,
          corexii_corridor_pit, kennysheep_flooded_box, minmay_quantized,
          uniq_natasha
D:3:      layout_rooms
D:4:      layout_basic, lemuel_coloured_pillars_altar,
          minmay_temple_entry_stoned_glass, serial_forest,
          infiniplex_forest_end_3, infiniplex_forest_zigzag_1,
          infiniplex_forest_zigzag_1, infiniplex_forest_lined_ring,
          infiniplex_forest_clump_double, infiniplex_forest_clump_tiny,
          infiniplex_forest_clump_long, infiniplex_forest_end_double,
          infiniplex_forest_clump_tiny, infiniplex_forest_split, first_ration
D:5:      layout_gridville, nicolae_tso_besieged_by_evil
D:6:      layout_basic, nicolae_ossuary_entry_giza, uniq_maggie,
          uniq_crazy_yiuf_cottage, uniq_grinder
D:7:      layout_gridville, lemuel_doored_altar, kennysheep_mini, serial_shops,
          kennysheep_mini_moat, serial_bayou_pond_e, grunt_ogre_cave,
          uniq_joseph, uniq_pikel
D:8:      minmay_klotski, layout_basic, kennysheep_little_box,
          grunt_lair_entry_orc_guard_hut, st_stairs_14, minmay_manual_mail
D:9:      layout_stronghold, nicolae_overflow_crystal_walls, orc_0_dummy
Temple:   nicolae_temple_great_sept
Lair:1:   layout_long_grid, lemuel_fruit_tree
Lair:2:   layout_chaotic_city, elwin_shoals_entry_rooms, dummy_spider_entry
Lair:3:   layout_gridlike, kennysheep_rathole
Lair:4:   layout_cave_shapes
Lair:5:   layout_cave_shapes, minmay_holes, chequers_serial_rivers_large_a,
          uniq_snorg, uniq_urug, uniq_josephine
Lair:6:   evilmike_catoblepas_cave, layout_cave_pods,
          minmay_slime_entry_jelly_boxes

Notes
Turn   | Place    | Note
-------+----------+-------------------------------------------
     0 | D:1      | lepoulpe303 the Hill Orc Fighter began the quest for the
                  | Orb.
     0 | D:1      | Reached XP level 1. HP: 19/19 MP: 1/1
    99 | D:1      | Reached skill level 3 in Axes
   136 | D:1      | Identified a +0 dagger
   137 | D:1      | Reached XP level 2. HP: 24/27 MP: 2/2
   193 | D:1      | Identified a +0 club
   229 | D:1      | Identified a +0 club
   234 | D:1      | Reached XP level 3. HP: 30/33 MP: 3/3
   276 | D:1      | Identified a +0 dagger
   298 | D:1      | Identified a +0 club
   401 | D:1      | Identified a +0 dagger
   831 | D:2      | Identified a cursed -2 club
   910 | D:2      | Reached skill level 4 in Fighting
   923 | D:2      | Identified a +0 short sword
   941 | D:2      | Identified a +0 whip
   941 | D:2      | Identified a +0 club
   964 | D:2      | Reached skill level 4 in Axes
  1050 | D:2      | Identified a +0 club
  1073 | D:2      | Identified a +0 trident
  1073 | D:2      | Identified a +0 ring mail
  1083 | D:2      | Reached XP level 4. HP: 40/40 MP: 4/4
  1257 | D:2      | Identified a +0 plate armour (You found it on level 2 of
                  | the Dungeon)
  1258 | D:2      | Found a glowing silver altar of Zin.
  1258 | D:2      | Identified a +0 club
  1261 | D:2      | Identified a +3 sacred scourge of holy wrath
  1261 | D:2      | Identified a +0 robe
  1261 | D:2      | Noticed an angel
  1271 | D:2      | Found a shimmering altar of Xom.
  1318 | D:2      | Identified a +0 dagger
  1318 | D:2      | Noticed Natasha
  1345 | D:2      | Killed Natasha
  1345 | D:2      | Reached skill level 1 in Dodging
  1544 | D:2      | Noticed Natasha
  1558 | D:2      | Killed Natasha
  1558 | D:2      | Reached XP level 5. HP: 34/46 MP: 5/5
  1756 | D:2      | Noticed Natasha
  1768 | D:2      | Killed Natasha
  1768 | D:2      | Reached skill level 4 in Shields
  1832 | D:2      | Found a glowing silver altar of Zin.
  1935 | D:3      | Identified a +0 dagger
  1938 | D:3      | Identified a +0 flail
  1939 | D:3      | Identified a +0 dagger
  1939 | D:3      | Identified a +0 robe
  1940 | D:3      | Identified a +0 club
  1940 | D:3      | Identified a +0 leather armour
  1941 | D:3      | Identified a cursed -2 club
  1941 | D:3      | Identified a +0 scale mail
  2133 | D:2      | Reached skill level 5 in Axes
  2133 | D:2      | Reached skill level 4 in Armour
  2351 | D:3      | Reached XP level 6. HP: 40/53 MP: 6/6
  2356 | D:3      | Identified a +0 club
  2493 | D:3      | Identified a +0 falchion
  2593 | D:3      | Identified a +0 short sword
  2700 | D:3      | Identified a +0 whip
  2937 | D:4      | Found a staircase to the Ecumenical Temple.
  2937 | D:4      | Noticed a black bear
  2952 | D:4      | Killed a black bear
  2952 | D:4      | Reached skill level 6 in Axes
  2984 | Temple   | Entered the Ecumenical Temple
  2996 | Temple   | Became a worshipper of Warmaster Okawaru
  3129 | D:4      | Identified a +0 whip
  3137 | D:4      | Reached XP level 7. HP: 56/60 MP: 7/7
  3299 | D:4      | Identified a cursed -2 short sword
  3299 | D:4      | Identified a +0 dagger
  3299 | D:4      | Identified a +0 robe
  3300 | D:4      | Identified a +0 falchion
  3300 | D:4      | Identified a +0 leather armour
  3308 | D:4      | Reached skill level 5 in Fighting
  3316 | D:4      | Reached skill level 2 in Dodging
  3323 | D:4      | Identified a +4 short sword
  3323 | D:4      | Identified a +0 leather armour
  3452 | D:4      | Found an opulent altar of Gozag.
  3543 | D:4      | Identified a +0 giant spiked club
  3986 | D:5      | Entered Level 5 of the Dungeon
  4073 | D:5      | Found a glowing golden altar of the Shining One.
  4261 | D:5      | Identified a +0 club
  4261 | D:5      | Identified a +0 dagger
  4261 | D:5      | Identified a +0 robe
  4264 | D:5      | Identified a +0 falchion
  4264 | D:5      | Identified a +0 club
  4264 | D:5      | Identified a +0 leather armour
  4265 | D:5      | Identified a +0 morningstar
  4265 | D:5      | Identified a +0 leather armour
  4289 | D:5      | Identified a cursed +0 shortbow
  4292 | D:5      | Reached * piety under Okawaru
  4312 | D:5      | Reached skill level 7 in Axes
  4362 | D:5      | Identified a +0 shortbow
  4372 | D:5      | Reached skill level 5 in Armour
  4372 | D:5      | Reached skill level 5 in Shields
  4372 | D:5      | Reached XP level 8. HP: 47/69 MP: 8/8
  4631 | D:5      | Identified 7 scrolls of identify
  4631 | D:5      | Identified an amulet of faith (You found it on level 2 of
                  | the Dungeon)
  4633 | D:5      | Identified 2 potions of haste
  4634 | D:5      | Identified 2 potions of flight
  4635 | D:5      | Identified 2 potions of heal wounds
  4636 | D:5      | Identified 2 potions of resistance
  4678 | D:5      | Identified a +0 giant club
  4946 | D:6      | Identified 3 scrolls of enchant weapon
  4962 | D:6      | Noticed Grinder
  4966 | D:6      | Paralysed by Grinder for 3 turns
  4982 | D:6      | Paralysed by Grinder for 7 turns
  4996 | D:6      | Killed Grinder
  4996 | D:6      | Reached skill level 6 in Fighting
  5048 | D:6      | Reached skill level 3 in Dodging
  5058 | D:6      | Found a sand-covered staircase.
  5064 | Ossuary  | Entered an ossuary
  5262 | Ossuary  | Reached skill level 8 in Axes
  5271 | Ossuary  | Reached ** piety under Okawaru
  5524 | Ossuary  | Identified 5 potions of curing
  5525 | Ossuary  | Identified 3 scrolls of teleportation
  5728 | D:6      | Identified a cursed +0 pair of gloves (You found it on
                  | level 5 of the Dungeon)
  5733 | D:6      | Identified a +0 pair of boots (You found it on level 6 of
                  | the Dungeon)
  5789 | D:6      | Identified a +1 long sword of venom
  5789 | D:6      | Identified +1 steam dragon scales
  5789 | D:6      | Noticed Maggie
  5808 | D:6      | Killed Maggie
  5808 | D:6      | Reached skill level 9 in Axes
  5808 | D:6      | Reached skill level 6 in Armour
  5808 | D:6      | Reached skill level 6 in Shields
  5808 | D:6      | Reached XP level 9. HP: 51/78 MP: 9/9
  6108 | D:6      | Identified a ring of slaying (You found it on level 5 of
                  | the Dungeon)
  6125 | D:6      | Reached *** piety under Okawaru
  6267 | D:6      | Identified a +0 giant club
  6535 | D:6      | Found a runed translucent door.
  6536 | D:6      | Identified a +4 quarterstaff of chaos
  6536 | D:6      | Identified a +1 cloak of poison resistance
  6536 | D:6      | Noticed Crazy Yiuf
  6941 | D:7      | Found an ornate altar of the Wu Jian Council.
  7011 | D:7      | Identified a +1 whip of electrocution
  7011 | D:7      | Identified a +0 robe of positive energy
  7011 | D:7      | Noticed Pikel
  7015 | D:7      | Paralysed by Pikel for 7 turns
  7028 | D:7      | Killed Pikel
  7028 | D:7      | Reached skill level 7 in Fighting
  7028 | D:7      | Reached skill level 10 in Axes
  7028 | D:7      | Reached skill level 4 in Dodging
  7292 | D:7      | Identified a +0 quarterstaff
  7292 | D:7      | Identified a +0 hunting sling
  7292 | D:7      | Identified a +0 leather armour
  7292 | D:7      | Noticed Joseph
  7320 | D:7      | Killed Joseph
  7363 | D:7      | Reached **** piety under Okawaru
  7401 | D:7      | Identified a +0 giant club
  7532 | D:7      | Got a pitted whip
  7701 | D:7      | Found Rybba's Magic Scroll Emporium.
  7709 | D:7      | Bought a scroll of remove curse for 33 gold pieces
  7709 | D:7      | Bought 2 scrolls of teleportation for 66 gold pieces
  7709 | D:7      | Identified a +3 morningstar (You found it on level 7 of the
                  | Dungeon)
  7710 | D:7      | Identified the +8 whip of Righteous Anger {holy, rPois
                  | Str-2 Int+2} (You found it on level 7 of the Dungeon)
  7711 | D:7      | Identified a +1 war axe
  7720 | D:7      | Found a shadowy altar of Dithmenos.
  7793 | D:7      | HP: 14/79 [something (7)]
  7798 | D:7      | Identified 2 scrolls of fear
  8105 | D:6      | Identified 3 scrolls of immolation
  8190 | D:7      | Identified a ring of protection from magic (You found it on
                  | level 6 of the Dungeon)
  8191 | D:7      | Identified an amulet of guardian spirit (You found it on
                  | level 7 of the Dungeon)
  8222 | D:7      | Reached XP level 10. HP: 86/86 MP: 10/10
  8248 | D:7      | Identified a +0 giant spiked club
  8251 | D:7      | Reached skill level 7 in Shields
  8295 | D:7      | Identified a +2 great sword
  8295 | D:7      | Identified a +0 robe
  8295 | D:7      | Identified a +0 war axe
  8295 | D:7      | Identified a +0 robe
  8295 | D:7      | Identified a +0 battleaxe
  8295 | D:7      | Identified a +0 robe
  8295 | D:7      | Identified a +0 great sword
  8295 | D:7      | Identified a +0 robe
  8305 | D:7      | Reached skill level 7 in Armour
  8311 | D:7      | Reached skill level 11 in Axes
  8319 | D:7      | Identified a +2 great sword of freezing
  8319 | D:7      | Identified a +0 robe
  8565 | D:7      | Identified a scroll of enchant armour
  8566 | D:7      | Identified a scroll of noise
  8567 | D:7      | Identified a scroll of fog
  8588 | D:7      | Killed an unseen horror
  8588 | D:7      | Reached skill level 8 in Fighting
  8766 | D:8      | Identified a +0 short sword
  8877 | D:8      | Identified a +0 shortbow
  8956 | D:8      | Identified a +0 giant club
  8956 | D:8      | Identified a +0 giant club
  8956 | D:8      | Noticed a two-headed ogre
  8957 | D:8      | Identified a cursed -1 giant club
  8970 | D:8      | Identified a +0 dagger
  8970 | D:8      | Identified a +0 ring mail
  9070 | D:8      | Reached skill level 5 in Dodging
  9083 | D:8      | Identified a +0 flail
  9083 | D:8      | Identified a +0 hunting sling
  9083 | D:8      | Identified a +0 plate armour
  9148 | D:8      | Found a staircase to the Lair.
  9208 | D:8      | Found a stormy altar of Qazlal.
  9281 | D:8      | Identified a +0 giant club
  9757 | D:8      | Reached ***** piety under Okawaru
  9757 | D:8      | Reached skill level 12 in Axes
  9828 | D:8      | Killed an unseen horror
 10004 | D:8      | Killed a two-headed ogre
 10004 | D:8      | Reached skill level 8 in Armour
 10004 | D:8      | Reached skill level 8 in Shields
 10004 | D:8      | Reached XP level 11. HP: 66/95 MP: 11/11
 10077 | D:8      | Identified 2 scrolls of blinking
 10078 | D:8      | Identified a potion of magic
 10079 | D:8      | Identified a potion of berserk rage
 10316 | D:9      | Identified a +0 giant club
 10331 | D:9      | Received a gift from Okawaru
 10346 | D:9      | Identified a +0 pair of gloves of dexterity (Okawaru gifted
                  | it to you on level 9 of the Dungeon)
 10594 | D:9      | Identified a +0 shortbow
 10652 | D:9      | Reached skill level 9 in Fighting
 10706 | D:9      | Found a bloodstained altar of Trog.
 10715 | D:9      | Reached skill level 6 in Dodging
 10810 | D:9      | Found a staircase to the Orcish Mines.
 10922 | Lair:1   | Entered Level 1 of the Lair of Beasts
 10997 | Lair:1   | Reached skill level 1 in Invocations
 11082 | Lair:1   | Noticed a six-headed hydra
 11098 | Lair:1   | HP: 23/97 [six-headed hydra (8)]
 11100 | Lair:1   | Killed a six-headed hydra
 11100 | Lair:1   | Reached skill level 13 in Axes
 11100 | Lair:1   | Reached skill level 2 in Invocations
 12009 | Lair:1   | You fall into a shaft and drop 1 floor!
 12017 | Lair:2   | Reached skill level 3 in Invocations
 12771 | Lair:2   | Found a hole to the Spider Nest.
 12886 | Lair:2   | Reached skill level 4 in Invocations
 13336 | Lair:2   | Identified 4 potions of cancellation
 13337 | Lair:2   | Identified a potion of stabbing
 13500 | Lair:2   | Found a staircase to the Shoals.
 13500 | Lair:2   | Identified a +0 trident
 13500 | Lair:2   | Identified a +0 spear
 13508 | Lair:2   | Reached skill level 5 in Invocations
 13653 | Lair:3   | Reached ****** piety under Okawaru
 13653 | Lair:3   | Received a gift from Okawaru
 13653 | Lair:3   | Reached skill level 7 in Dodging
 13664 | Lair:2   | Identified a +0 cloak of stealth (Okawaru gifted it to you
                  | on level 3 of the Lair of Beasts)
 13878 | Lair:3   | Noticed a four-headed hydra
 13880 | Lair:3   | Reached skill level 9 in Shields
 13883 | Lair:3   | Reached XP level 12. HP: 96/106 MP: 16/16
 13894 | Lair:3   | Killed a four-headed hydra
 14170 | Lair:3   | Reached skill level 9 in Armour
 14171 | Lair:3   | Reached skill level 6 in Invocations
 14420 | Lair:3   | Noticed a four-headed hydra
 14433 | Lair:3   | Killed a four-headed hydra
 14433 | Lair:3   | Reached skill level 14 in Axes
 14449 | Lair:3   | Noticed an eight-headed hydra
 14466 | Lair:3   | Killed an eight-headed hydra
 14781 | Lair:3   | Got a brightly glowing chain mail
 14792 | Lair:3   | Identified the +2 chain mail "Ryuku" {-Cast rC++ Dex+4
                  | SInv} (You found it on level 3 of the Lair of Beasts)
 14838 | Lair:3   | Reached skill level 10 in Fighting
 15512 | Lair:4   | Reached skill level 7 in Invocations
 16101 | Lair:5   | Noticed Snorg
 16128 | Lair:5   | Killed Snorg
 16149 | Lair:5   | Identified a +0 dagger
 16149 | Lair:5   | Identified a +2 robe of magic resistance
 16149 | Lair:5   | Noticed Josephine
 16171 | Lair:5   | HP: 26/106 [Josephine/ghostly fireball (25)]
 16181 | Lair:4   | HP: 19/106 [Josephine/ghostly fireball (9)]
 16183 | Lair:4   | Killed Josephine
 16547 | Lair:5   | Received a gift from Okawaru
 16547 | Lair:5   | Reached skill level 8 in Dodging
 16552 | Lair:5   | Identified a +2 hand axe of freezing (Okawaru gifted it to
                  | you on level 5 of the Lair of Beasts)
 16562 | Lair:6   | Entered Level 6 of the Lair of Beasts
 16575 | Lair:6   | Reached skill level 8 in Invocations
 16609 | Lair:5   | Identified a scroll of acquirement
 16610 | Lair:5   | Identified 2 scrolls of amnesia
 17178 | Lair:5   | Identified a +0 great mace
 17178 | Lair:5   | Identified a +0 ring mail
 17178 | Lair:5   | Noticed Urug
 17193 | Lair:5   | Killed Urug
 17476 | Lair:6   | Found a staircase to the Slime Pits.
 17488 | Lair:6   | Reached skill level 1 in Throwing
 17759 | Lair:6   | Reached XP level 13. HP: 103/114 MP: 19/19
 17774 | Lair:6   | HP: 27/114 [eight-headed hydra (3)]
 17777 | Lair:6   | HP: 9/114 [eight-headed hydra (7)]
 17777 | Lair:6   | Slain by an eight-headed hydra

Table legend:
 A = Turns spent in this place as a percentage of turns spent in the entire game.
 B = Non-inter-level travel turns spent in this place as a percentage of non-inter-level travel turns spent in the entire game.
 C = Inter-level travel turns spent in this place as a percentage of turns spent in this place.
 D = Turns resting spent in this place as a percentage of non-inter-level travel turns spent in this place.
 E = Turns spent auto-exploring this place as a percentage of non-inter-level travel turns spent in this place.
 F = Non-inter-level travel turns spent in this place divided by the number of levels of this place that you've seen.
                   A       B       C       D       E      F
               +-------+-------+-------+-------+-------+----------------------
         Total | 100.0 | 100.0 |   3.4 |  30.8 |  49.4 | 1010.1
       Dungeon |  57.9 |  57.0 |   4.9 |  23.5 |  55.0 | 1088.0
        Temple |   0.1 |   0.1 |  44.0 |   0.0 |  28.6 |  14.0
          Lair |  38.6 |  39.4 |   1.3 |  40.5 |  45.7 | 1128.0
       Ossuary |   3.4 |   3.5 |   0.0 |  42.4 |   0.0 | 597.0
               +-------+-------+-------+-------+-------+----------------------

Table legend:
 A = Kills in this place as a percentage of kills in entire the game.
 B = Kills by you in this place as a percentage of kills by you in the entire game.
 C = Kills by friends in this place as a percentage of kills by friends in the entire game.
 D = Other kills in this place as a percentage of other kills in the entire game.
 E = Experience gained in this place as a percentage of experience gained in the entire game.
 F = Experience gained in this place divided by the number of levels of this place that you have seen.
                   A       B       C       D       E      F
               +-------+-------+-------+-------+-------+----------------------
         Total | 100.0 | 100.0 |   N/A | 100.0 | 100.0 | 1896.4
       Dungeon |  62.8 |  62.7 |   N/A | 100.0 |  31.5 | 1128.1
          Lair |  26.4 |  26.5 |   N/A |   0.0 |  67.0 | 3598.7
       Ossuary |  10.8 |  10.8 |   N/A |   0.0 |   1.5 | 494.0
               +-------+-------+-------+-------+-------+----------------------

Skill      XL: |  1  2  3  4  5  6  7  8  9 10 11 12 |
---------------+-------------------------------------+-----
Axes           | 3 4 5 6 7 9 10 12 13 14 | 14.9
Fighting       | 4 5 6 7 8 9 10 | 10.5
Dodging        | 1 2 3 4 5 7 8 |  8.2
Shields        | 4 5 6 8 9 |  9.7
Armour         | 4 5 6 8 9 |  9.8
Invocations    | 5 8 |  8.5
Throwing       | 1 |  1.2

Action                   |  1- 3 |  4- 6 |  7- 9 | 10-12 | 13-15 || total
-------------------------+-------+-------+-------+-------+-------++-------
Melee: War axe           |   115 |   165 |   443 |   490 |       ||  1213
       Whip              |       |       |       |    37 |     9 ||    46
Throw: Dart              |       |    75 |   109 |   176 |     5 ||   365
       Boomerang         |       |       |       |    35 |       ||    35
       Javelin           |       |       |       |       |     2 ||     2
Invok: Heroism           |       |       |     1 |     1 |       ||     2
       Finesse           |       |       |       |     1 |       ||     1
Evoke: Wand              |       |       |       |    14 |       ||    14
       Phial of floods   |       |       |       |     1 |       ||     1
  Use: Scroll            |       |       |    12 |    13 |       ||    25
       Potion            |       |       |       |     1 |       ||     1
 Stab: Paralysed         |       |       |       |    14 |       ||    14
  Eat: Chunk             |     1 |     7 |    10 |    10 |       ||    28
       Ration            |       |       |     4 |     7 |       ||    11
Armor: Scale mail        |    58 |     1 |       |       |       ||    59
       Plate armour      |       |    80 |   210 |   262 |    27 ||   579
Dodge: Dodged            |    32 |    23 |    77 |   114 |    16 ||   262
Block: Kite shield       |    63 |    78 |   153 |   251 |    15 ||   560

Vanquished Creatures
  Snorg (Lair:5)
  Josephine (Lair:4)
  4 hydras
  A two-headed ogre (D:8)
  Urug (Lair:5)
  2 unseen horrors
  A lindwurm (Lair:6)
  Pikel (D:7)
  A black mamba (Lair:6)
  2 merfolk sirens (Lair:2)
  Maggie (D:6)
  Joseph (D:7)
  9 spiny frogs
  4 komodo dragons
  Grinder (D:6)
  3 hippogriffs
  4 blink frogs (Lair:2)
  5 yaks (Lair:1)
  4 wraiths
  3 wyverns
  A basilisk (Lair:2)
  2 hungry ghosts (D:7)
  11 water moccasins
  4 porcupines
  An orc warrior (D:8)
  2 sky beasts
  A slave (D:7)
  2 black bears
  8 ogres
  4 centaurs
  6 crocodiles
  2 elf zombies (Ossuary)
  9 bullfrogs
  A wyvern zombie (D:6)
  A scorpion (D:8)
  5 wights (D:7)
  5 howler monkeys
  4 centaur zombies (Ossuary)
  A quasit (D:7)
  A centaur skeleton (D:8)
  12 jellies
  2 orc priests (D:3)
  4 hounds
  7 hell rats
  2 iguanas
  3 orc wizards
  Natasha (thrice) (D:2)
  5 worker ants
  A hound zombie (Ossuary)
  A hound skeleton (D:7)
  4 mummies
  A howler monkey skeleton (D:5)
  9 adders
  8 river rats (Lair:3)
  3 shadow imps
  5 oozes
  4 adder zombies (Ossuary)
  2 adder skeletons
  4 worms
  2 dart slugs
  8 leopard geckos
  15 orcs
  5 giant cockroaches
  A gnoll zombie (Ossuary)
  8 goblins
  7 hobgoblins
  8 jackals
  A quokka (D:9)
  2 ball pythons
  9 bats
  9 frilled lizards
  A giant cockroach zombie (D:6)
  3 goblin skeletons (D:5)
  6 goblin zombies
  2 hobgoblin zombies
  3 jackal zombies (Ossuary)
  12 kobolds
  2 kobold skeletons (D:5)
  6 kobold zombies
  A leopard gecko zombie (D:7)
  An orc skeleton (D:5)
  2 orc zombies (Ossuary)
  A quokka skeleton (D:4)
  6 quokka zombies
  8 rats
  3 rat zombies (Ossuary)
  2 fungi (D:8)
335 creatures vanquished.

Vanquished Creatures (others)
  An orc priest (D:8)
  5 fungi
  3 plants
9 creatures vanquished.

Grand Total: 344 creatures vanquished
